 Dungeon Crawl Stone Soup version 0.29-a0-830-gcb1280458a (webtiles) character file.

Game seed: 12840563455087533509

320 gruber the Conjurer (level 6, -6/36 HPs)
             Began as an Octopode Conjurer on July 11, 2022.
             Mangled by an iguana (8 damage)
             ... on level 3 of the Dungeon.
             The game lasted 00:03:00 (3853 turns).

gruber the Conjurer (Octopode Conjurer)             Turns: 3853, Time: 00:03:01

Health: -6/36      AC:  8    Str:  6    XL:     6   Next: 46%
Magic:  3/9        EV: 13    Int: 22    God:
Gold:   128        SH:  0    Dex: 11    Spells: 6/9 levels left

rFire   . . .      SeeInvis .   j - +0 short sword (protect)
rCold   . . .      Faith    .   (no shield)
rNeg    . . .      Spirit   .   (helmet restricted)
rPois   .          Reflect  .   (no amulet)
rElec   .          Harm     .   (no ring)
rCorr   .          Rampage  .   (no ring)
Will    .....                   (no ring)
Stlth   +++.......              (no ring)
HPRegen 0.12/turn               (no ring)
MPRegen 0.11/turn               (no ring)
                                (no ring)
                                (no ring)

@: under a protective aura
A: almost no armour, amphibious, 8 rings, camouflage 1, gelatinous body 1,
(nimble swimmer 1), tentacles
a: no special abilities


You were on level 3 of the Dungeon.
You visited 1 branch of the dungeon, and saw 4 of its levels.

You collected 128 gold pieces.

Inventory:

Hand Weapons
 g - a +0 rapier
 j - a +0 short sword of protection (weapon)
Wands
 k - a wand of iceblast (9)
 n - a wand of paralysis (6)
Scrolls
 f - a scroll of magic mapping {unknown}
 i - a scroll of acquirement {unknown}
 l - a scroll of enchant weapon {unknown}
Potions
 a - a potion of magic
 b - a potion of attraction {unknown}
 c - a potion of ambrosia {unknown}
 d - 3 potions of haste {unknown}
 e - a potion of brilliance {unknown}
 h - a potion of degeneration {unknown}
 m - a potion of mutation {unknown}


   Skills:
 - Level 2.0 Dodging
 - Level 2.6 Stealth
 - Level 2.0 Spellcasting
 + Level 7.6 Conjurations


You had 6 spell levels left.
You knew the following spells:

 Your Spells              Type           Power      Damage    Failure   Level
a - Magic Dart            Conj           100%       1d8       1%          1
b - Searing Ray           Conj           70%        2d7       1%          2

Your spell library contained the following spells:

 Spells                   Type           Power      Damage    Failure   Level
 Dazzling Flash           Conj/Hex       36%        N/A       9%          3
 Slow                     Hex            8%         N/A       14%         1
 Fulminant Prism          Conj/Hex       9%         3d7       28%         4
 Iskenderun's Mystic Bla  Conj/Tloc      18%        2d6       28%         4
 Call Canine Familiar     Summ           2%         N/A       38%         3
 Confusing Touch          Hex            2%         N/A       38%         3
 Inner Flame              Hex/Fire       2%         N/A       38%         3
 Portal Projectile        Hex/Tloc       4%         N/A       38%         3
 Vampiric Draining        Necr           2%         2d6       38%         3
 Cause Fear               Hex            1%         N/A       80%         4
 Leda's Liquefaction      Hex/Erth       1%         N/A       80%         4
 Starburst                Conj/Fire      9%         6d5       99%         6
 Discord                  Hex            1%         N/A       100%        8


Dungeon Overview and Level Annotations

Branches:
Dungeon (4/15)
 Temple: D:4-7

Altars:

Annotations:
D:3 Sigmund


Innate Abilities, Weirdness & Mutations

You cannot wear most types of armour.
You are amphibious.
You can wear up to eight rings at the same time.
Your skin changes colour to match your surroundings (Stealth+).
Your rubbery body absorbs attacks. (AC +1, EV +1)
((You are camouflaged when in or above water. (Stealth+)))
You have tentacles for arms and can constrict up to eight enemies at once.


Message History

You bump into the rock wall.
The kobold throws a poisoned dart.
The poisoned dart barely misses you.
You hear some strange, mumbled words.
Something tries to affect you, but you resist.
You feel less confused. Something hits you.
An iguana comes into view.
You barely miss the kobold.
The iguana hisses angrily.
Your grab misses the kobold. The orc warrior closely misses you.
The kobold closely misses you. The kobold hits you with a +0 club.
The kobold hits you with a +0 club. The orc warrior closely misses you.
The kobold attacks as you move away! The kobold barely misses you.
Something hits you. Something barely misses you.
The kobold throws a poisoned dart.
The poisoned dart misses you. The iguana attacks as you move away!
The iguana bites you.
A magic dart appears from out of thin air!
The magic dart hits you. The iguana attacks as you move away!
The iguana closely misses you.
Reactivating autopickup.
There is a stone staircase leading up here.
The iguana bites you.
You climb upwards.
Level annotation: Sigmund
There is a stone staircase leading down here.
You hit the iguana but do no damage.
Your weapon exudes an aura of protection.
You grab the iguana. You constrict the iguana. The iguana misses you.
The iguana bites you.
You hit the iguana but do no damage. You squeeze the iguana.
The iguana is lightly wounded.
You constrict the iguana. The iguana bites you!
* * * LOW HITPOINT WARNING * * *
You hit the iguana.
The iguana is moderately wounded.
You constrict the iguana, but do no damage.
The iguana bites you!
You die...

##.###.#
#..##.#
##.##.# #..#.#
########'#.#
#..........#
#..........#
#........l.#
#######'##@#
#.##.# #.##.#
#.#### #.#
#####.########
#.....##.....#
#.######.###.#
#.##.# #..<#.#


You could see an iguana.

Vanquished Creatures
  Duvessa (D:4)
  Dowan (D:4)
  Jessica (D:3)
  Ijyb (D:3)
  2 orc wizards (D:4)
  Robin (D:2)
  An adder (D:3)
  A dart slug (D:3)
  2 orcs
  5 endoplasms
  2 giant cockroaches
  10 hobgoblins
  2 jackals (D:3)
  A quokka (D:1)
  5 ball pythons
  3 bats
  A frilled lizard (D:3)
  6 goblins (D:2)
  2 kobolds (D:1)
  5 rats
53 creatures vanquished.

Vanquished Creatures (others)
  An orc wizard (D:4)
  A fungus (D:1)
  2 plants (D:1)
4 creatures vanquished.

Grand Total: 57 creatures vanquished

Notes
Turn   | Place    | Note
-------+----------+-------------------------------------------
     0 | D:1      | gruber the Octopode Conjurer began the quest for the Orb.
     0 | D:1      | Reached XP level 1. HP: 11/11 MP: 3/3
   316 | D:1      | Reached XP level 2. HP: 10/17 MP: 5/5
   603 | D:1      | Found a faded altar of an unknown god.
  1557 | D:2      | Reached XP level 3. HP: 16/21 MP: 6/6
  1681 | D:2      | Reached skill level 5 in Conjurations
  1684 | D:2      | Learned a level 2 spell: Searing Ray
  1731 | D:2      | Identified the +5 helmet "Hesonaf" {Will+}
  1731 | D:2      | Noticed Robin
  1839 | D:2      | Killed Robin
  2690 | D:3      | Noticed Jessica
  2694 | D:3      | Killed Jessica
  2695 | D:3      | Reached XP level 4. HP: 27/27 MP: 2/7
  2951 | D:3      | Noticed Sigmund
  3264 | D:3      | Noticed Ijyb
  3276 | D:3      | Killed Ijyb
  3277 | D:3      | Reached skill level 6 in Conjurations
  3277 | D:3      | Reached XP level 5. HP: 31/31 MP: 2/8
  3351 | D:4      | Noticed Duvessa
  3351 | D:4      | Noticed Dowan
  3379 | D:4      | Killed Duvessa
  3380 | D:4      | Reached skill level 7 in Conjurations
  3731 | D:4      | Killed Dowan
  3732 | D:4      | Reached XP level 6. HP: 36/36 MP: 5/9
  3835 | D:4      | Noticed an orc warrior
  3853 | D:3      | Mangled by an iguana

Illustrated notes

Levels and vault maps discovered:
D:1:      dpeg_arrival_simpleton_b, layout_loops_corners,
          shapermc_ecumenical_altar_mp_urbaneastern,
          minmay_misc_feat_more_columns, minmay_pentomino_u2
D:2:      layout_loops_ring, roderic_roman_lattice, uniq_robin
D:3:      layout_basic, hangedman_decor_slide_cut, uniq_jessica, uniq_ijyb,
          uniq_sigmund
D:4:      layout_loops_ring, temple_green, hangedman_decor_clover_reticule,
          nzn_random_ring, uniq_duvessa

Skill      XL: |  1  2  3  4  5 |
---------------+----------------+-----
Conjurations   | 5 6 7 |  7.6
Dodging        | |  2.0
Stealth        | |  2.6
Spellcasting   | |  2.0

Action                   |  1- 3 |  4- 6 || total
-------------------------+-------+-------++-------
Melee: Unarmed           |    12 |       ||    12
       Tentacles         |     9 |     4 ||    13
       Constrict         |    12 |     6 ||    18
       Short sword       |    14 |    27 ||    41
       Rapier            |    13 |       ||    13
 Cast: Magic Dart        |    33 |    17 ||    50
       Searing Ray       |     1 |     5 ||     6
  Use: Potion            |       |     1 ||     1
 Stab: Sleeping          |     2 |     1 ||     3
Armor: Skin              |     4 |    11 ||    15
Dodge: Dodged            |    27 |    37 ||    64

Table legend: (Time is in decaauts)
 A = Elapsed time spent in this place.
 B = Non-inter-level travel time spent in this place.
 C = Inter-level travel time spent in this place.
 D = Time resting spent in this place.
 E = Time spent auto-exploring this place.
 F = Levels seen in this place.
 G = Mean time per level.
                   A        B        C        D        E       F      G
               +--------+--------+--------+--------+--------+-----+--------+
         Total |   3860 |   3734 |    126 |    339 |   2982 |   4 |  965.0 |
       Dungeon |   3860 |   3734 |    126 |    339 |   2982 |   4 |  965.0 |
               +--------+--------+--------+--------+--------+-----+--------+

Top non-repeatable levels by time:
     D:1: 1338 daAuts
     D:2: 1313 daAuts
     D:3: 1049 daAuts
     D:4: 158 daAuts
